PAA
TACOMA FUR TRADERS @ CASPER GHOSTS
07/11/2025
 
TOP OF THE 1ST
Tacoma Fur Traders batting - Pitching for Casper Ghosts : RHP José Vega
Pitching: RHP José Vega
Batting: RHB Andy Moore 0-0: Called Strike
0-1: Swinging Strike
0-2: Ball
1-2: Ball
2-2: Ball
3-2: Base on Balls
Batting: RHB Jenkins Hall 0-0: Ball
Andy Moore steals 2nd base
1-0: SINGLE (Groundball, 6D)
Andy Moore to third
Runner from 3rd tries for Home, SAFE, no throw
Batting: RHB Rubén Alvarado 0-0: Ball
1-0: Called Strike
1-1: Foul Ball, location: 2F
1-2: Fly out, F6 (Line Drive, 56D)
Now at SS: Warner Robinson
Batting: RHB Luis Flores 0-0: Ball
1-0: Foul Ball, location: 2F
1-1: Foul Ball, location: 2F
1-2: Foul Ball, location: 2F
1-2: Ball
Jenkins Hall steals 2nd base
2-2: Ball
3-2: Foul Ball, location: 2F
3-2: Foul Ball, location: 2F
3-2: Base on Balls
Batting: RHB Iván Rodríguez 0-0: Ball
1-0: Fly out, F7 (Line Drive, 78D)
Batting: LHB Michael Whorton 0-0: Foul Ball, location: 2F
0-1: Ball
1-1: Called Strike
1-2: Ball
2-2: Strikes out swinging
Top of the 1st over - 1 run(s), 1 hit(s), 0 error(s), 2 left on base; Tacoma 1 - Casper 0
BOTTOM OF THE 1ST
Casper Ghosts batting - Pitching for Tacoma Fur Traders : LHP César González
Pitching: LHP César González
Batting: LHB Kyle Mann 0-0: Called Strike
0-1: Foul Ball, location: 2F
0-2: Strikes out swinging
Batting: RHB Félix Ramos 0-0: Called Strike
0-1: Called Strike
0-2: Ball
1-2: Ground out 6-3 (Groundball, 6)
Batting: RHB Warner Robinson 0-0: Ground out 5-3 (Groundball, 56)
Bottom of the 1st over - 0 run(s), 0 hit(s), 0 error(s), 0 left on base; Tacoma 1 - Casper 0
TOP OF THE 2ND
Tacoma Fur Traders batting - Pitching for Casper Ghosts : RHP José Vega
Batting: SHB Carlos Alicea 0-0: Called Strike
0-1: Called Strike
0-2: Ground out 4-3 (Groundball, 34)
Batting: RHB Rex Long 0-0: Ball
1-0: Ball
2-0: Ground out 6-3 (Groundball, 6)
Batting: SHB Vicente Pueblo 0-0: Ball
1-0: Ball
2-0: Ball
3-0: Base on Balls
Batting: RHB Andy Moore 0-0: Ball
1-0: Called Strike
1-1: Fielders Choice at 2nd, 5-4 (Groundball, 56)
Top of the 2nd over - 0 run(s), 0 hit(s), 0 error(s), 0 left on base; Tacoma 1 - Casper 0
BOTTOM OF THE 2ND
Casper Ghosts batting - Pitching for Tacoma Fur Traders : LHP César González
Batting: RHB Ron Coffman 0-0: Foul Ball, location: 2F
0-1: Foul Ball, location: 2F
0-2: Ball
1-2: Ball
2-2: DOUBLE (Groundball, 5L)
Batting: SHB Erjan Kerstens 0-0: Ball
1-0: Called Strike
1-1: Ball
2-1: Foul Ball, location: 2F
2-2: Strikes out swinging
Batting: RHB Anbrosio Oppenes 0-0: Ground out 4-3 (Groundball, 4)
Ron Coffman to third
Batting: RHB Juan Carlos Cruz 0-0: Called Strike
0-1: Foul Ball, location: 2F
0-2: Ball
1-2: Foul Ball, location: 2F
1-2: Ground out 1-3 (Groundball, 13S)
Bottom of the 2nd over - 0 run(s), 1 hit(s), 0 error(s), 1 left on base; Tacoma 1 - Casper 0
TOP OF THE 3RD
Tacoma Fur Traders batting - Pitching for Casper Ghosts : RHP José Vega
Batting: RHB Jenkins Hall 0-0: Foul Ball, location: 2F
0-1: Fly out, F6 (Line Drive, 6)
Batting: RHB Rubén Alvarado 0-0: Ground out 4-3 (Groundball, 4)
Batting: RHB Luis Flores 0-0: Ball
1-0: Foul Ball, location: 2F
1-1: Swinging Strike
1-2: Ball
2-2: Foul Ball, location: 2F
2-2: Strikes out swinging
Top of the 3rd over - 0 run(s), 0 hit(s), 0 error(s), 0 left on base; Tacoma 1 - Casper 0
BOTTOM OF THE 3RD
Casper Ghosts batting - Pitching for Tacoma Fur Traders : LHP César González
Batting: RHB Roberto De La Cruz 0-0: Foul Ball, location: 2F
0-1: Swinging Strike
0-2: Ball
1-2: Ball
2-2: Fly out, F9 (Flyball, 9LMF)
Batting: SHB Alonso Rodríguez 0-0: Ball
1-0: Foul Ball, location: 2F
1-1: Ground out 3-1 (Groundball, 34)
Batting: LHB Kyle Mann 0-0: Ball
1-0: Called Strike
1-1: Fly out, F7 (Flyball, 78S)
Bottom of the 3rd over - 0 run(s), 0 hit(s), 0 error(s), 0 left on base; Tacoma 1 - Casper 0
TOP OF THE 4TH
Tacoma Fur Traders batting - Pitching for Casper Ghosts : RHP José Vega
Batting: RHB Iván Rodríguez 0-0: Called Strike
0-1: Fly out, F8 (Flyball, 8LS)
Batting: LHB Michael Whorton 0-0: Foul Ball, location: 2F
0-1: Ball
1-1: Swinging Strike
1-2: Foul Ball, location: 2F
1-2: Foul Ball, location: 2F
1-2: Ball
2-2: Ball
3-2: Strikes out swinging
Batting: SHB Carlos Alicea 0-0: Ball
1-0: Foul Ball, location: 2F
1-1: Ball
2-1: Fly out, F7 (Flyball, 78D)
Top of the 4th over - 0 run(s), 0 hit(s), 0 error(s), 0 left on base; Tacoma 1 - Casper 0
BOTTOM OF THE 4TH
Casper Ghosts batting - Pitching for Tacoma Fur Traders : LHP César González
Batting: RHB Félix Ramos 0-0: Ball
1-0: Swinging Strike
1-1: Ball
2-1: Fly out, F4 (Popup, 4MS)
Batting: RHB Warner Robinson 0-0: Ball
1-0: Ball
2-0: Ball
3-0: Base on Balls
Batting: RHB Ron Coffman 0-0: Foul Ball, location: 2F
0-1: Called Strike
0-2: Ball
1-2: Ball
2-2: Ball
3-2: Foul Ball, location: 2F
3-2: Base on Balls
Warner Robinson to second
Batting: SHB Erjan Kerstens 0-0: Ball
1-0: Ball
2-0: Ball
Wild Pitch!
Warner Robinson to third
Ron Coffman to second
3-0: Called Strike
3-1: Base on Balls
Batting: RHB Anbrosio Oppenes 0-0: Fly out, F8 (Flyball, 8LM)
Runner from 3rd tags up, SCORES, throw made
Batting: RHB Juan Carlos Cruz 0-0: Fly out, F9 (Line Drive, 9D)
Bottom of the 4th over - 1 run(s), 0 hit(s), 0 error(s), 2 left on base; Tacoma 1 - Casper 1
TOP OF THE 5TH
Tacoma Fur Traders batting - Pitching for Casper Ghosts : RHP José Vega
Batting: RHB Rex Long 0-0: Swinging Strike
0-1: SINGLE (Groundball, 6D)
Batting: SHB Vicente Pueblo 0-0: Foul Ball, location: 2F
0-1: Ball
1-1: Ball
2-1: Foul Ball, location: 2F
2-2: Strikes out looking
Batting: RHB Andy Moore 0-0: Called Strike
0-1: Ball
1-1: Ball
2-1: Ball
3-1: Swinging Strike
3-2: Grounds into double play, 4-6-3 (Groundball, 4)
Top of the 5th over - 0 run(s), 1 hit(s), 0 error(s), 0 left on base; Tacoma 1 - Casper 1
BOTTOM OF THE 5TH
Casper Ghosts batting - Pitching for Tacoma Fur Traders : LHP César González
Batting: RHB Roberto De La Cruz 0-0: Swinging Strike
0-1: Ball
1-1: Foul Ball, location: 2F
1-2: Ball
2-2: Ball
3-2: Strikes out swinging
Batting: SHB Alonso Rodríguez 0-0: Ball
1-0: Ball
2-0: Called Strike
2-1: Foul Ball, location: 2F
2-2: Fly out, F9 (Flyball, 9S)
Batting: LHB Kyle Mann 0-0: Ball
1-0: Ball
2-0: Fly out, F6 (Line Drive, 6)
Bottom of the 5th over - 0 run(s), 0 hit(s), 0 error(s), 0 left on base; Tacoma 1 - Casper 1
TOP OF THE 6TH
Tacoma Fur Traders batting - Pitching for Casper Ghosts : RHP José Vega
Batting: RHB Jenkins Hall 0-0: SINGLE (Line Drive, 7S)
Batting: RHB Rubén Alvarado 0-0: Ball
1-0: Foul Ball, location: 2F
1-1: Fly out, F6 (Popup, 6S)
Batting: RHB Luis Flores 0-0: Fly out, F9 (Line Drive, 89M)
Batting: RHB Iván Rodríguez 0-0: Ball
1-0: Ball
2-0: Foul Ball, location: 2F
2-1: Called Strike
2-2: Fielders Choice at 2nd, 4-6 (Groundball, 4)
Top of the 6th over - 0 run(s), 1 hit(s), 0 error(s), 0 left on base; Tacoma 1 - Casper 1
BOTTOM OF THE 6TH
Casper Ghosts batting - Pitching for Tacoma Fur Traders : LHP César González
Batting: RHB Félix Ramos 0-0: Ball
1-0: SINGLE (Line Drive, 6M)
Batting: RHB Warner Robinson 0-0: Ball
1-0: Ball
2-0: Ball
3-0: Foul Ball, location: 2F
3-1: Called Strike
3-2: Base on Balls
Félix Ramos to second
Batting: RHB Ron Coffman 0-0: Foul Ball, location: 2F
0-1: Foul Ball, location: 2F
0-2: Strikes out swinging
Batting: SHB Erjan Kerstens 0-0: Swinging Strike
0-1: Foul Ball, location: 2F
0-2: Strikes out swinging
Batting: RHB Anbrosio Oppenes 0-0: Foul Ball, location: 2F
0-1: Foul Ball, location: 2F
0-2: Ball
1-2: Strikes out swinging
Bottom of the 6th over - 0 run(s), 1 hit(s), 0 error(s), 2 left on base; Tacoma 1 - Casper 1
TOP OF THE 7TH
Tacoma Fur Traders batting - Pitching for Casper Ghosts : RHP José Vega
Batting: LHB Michael Whorton 0-0: Ball
1-0: Ball
2-0: Ball
3-0: Base on Balls
Batting: SHB Carlos Alicea 0-0: Ball
1-0: Sac Bunt - play at first, batter OUT! 1-3
Michael Whorton to second
Pinch Hitting: RHB Jim Unknown 0-0: Ball
1-0: Called Strike
1-1: Foul Ball, location: 2F
1-2: Ground out 6-3 (Groundball, 6)
Batting: SHB Vicente Pueblo 0-0: Called Strike
0-1: Swinging Strike
0-2: Ground out U3 (Groundball, 3L)
Top of the 7th over - 0 run(s), 0 hit(s), 0 error(s), 1 left on base; Tacoma 1 - Casper 1
BOTTOM OF THE 7TH
Casper Ghosts batting - Pitching for Tacoma Fur Traders : LHP César González
Now at 1B: Jim Unknown
Batting: RHB Juan Carlos Cruz 0-0: Called Strike
0-1: Swinging Strike
0-2: Foul Ball, location: 2F
0-2: Ball
1-2: Ball
2-2: Foul Ball, location: 2F
2-2: Ground out 6-3 (Groundball, 56)
Pinch Hitting: SHB Tim Fowler 0-0: Fly out, F8 (Flyball, 8RS)
Batting: SHB Alonso Rodríguez 0-0: Hit by Pitch
Pinch Hitting: RHB Freddy Carea 0-0: Ball
1-0: Foul Ball, location: 2F
1-1: Ball
2-1: Foul Ball, location: 2F
2-2: Ball
3-2: Strikes out swinging
Bottom of the 7th over - 0 run(s), 0 hit(s), 0 error(s), 1 left on base; Tacoma 1 - Casper 1
TOP OF THE 8TH
Tacoma Fur Traders batting - Pitching for Casper Ghosts : RHP José Vega
Now at SS: Tim Fowler
Now in CF: Bert Cook
Batting: RHB Andy Moore 0-0: Fly out, F8 (Flyball, 8LM)
Batting: RHB Jenkins Hall 0-0: Ball
1-0: Ball
2-0: Ball
3-0: Base on Balls
Batting: RHB Rubén Alvarado 0-0: Ball
1-0: Called Strike
1-1: Foul Ball, location: 2F
1-2: Strikes out swinging
Pitching: RHP Anthony Snyder
Batting: RHB Luis Flores 0-0: Called Strike
0-1: Ball
1-1: Ball
2-1: Ball
3-1: SINGLE (Flyball, 9LS)
Jenkins Hall to second
Runner from 2nd tries for 3rd, SAFE, no throw
Batting: RHB Iván Rodríguez 0-0: Ball
1-0: Foul Ball, location: 2F
1-1: Foul Ball, location: 2F
1-2: Ball
Pickoff Throw by Catcher to First - Error! E2
Jenkins Hall scores
Luis Flores to second
2-2: Strikes out swinging
Top of the 8th over - 1 run(s), 1 hit(s), 1 error(s), 1 left on base; Tacoma 2 - Casper 1
BOTTOM OF THE 8TH
Casper Ghosts batting - Pitching for Tacoma Fur Traders : LHP César González
Batting: RHB Félix Ramos 0-0: SINGLE (Flyball, 8RS)
Pinch Hitting: RHB Henry Lambright 0-0: Ball
1-0: Ball
2-0: Ball
3-0: Swinging Strike
3-1: Called Strike
3-2: Strikes out swinging
Pitching: RHP Jeff Pearce
Batting: RHB Ron Coffman 0-0: Called Strike
0-1: Foul Ball, location: 2F
0-2: Fly out, F7 (Flyball, 7S)
Pitching: LHP Steve Adkins
Batting: SHB Erjan Kerstens 0-0: Ball
1-0: SINGLE (Groundball, 6D)
Félix Ramos to second
Pitching: RHP Luis Castrejón
Pinch Runner at 2nd Ray Millspaugh:
Pinch Hitting: SHB Spencer Landes 0-0: Called Strike
0-1: Ball
1-1: Ball
2-1: Foul Ball, location: 2F
2-2: Ball
3-2: Base on Balls
Ray Millspaugh to third
Erjan Kerstens to second
Batting: RHB Juan Carlos Cruz 0-0: Foul Ball, location: 2F
0-1: Ball
1-1: Swinging Strike
1-2: Ball
2-2: Ball
3-2: SINGLE (Groundball, 6MD)
Ray Millspaugh scores
Erjan Kerstens to third
Spencer Landes to second
Erjan Kerstens scores
Spencer Landes to third
Batting: SHB Tim Fowler 0-0: Ball
1-0: Ball
2-0: SINGLE (Line Drive, 9S)
Spencer Landes scores
Juan Carlos Cruz to second
Pinch Hitting: SHB José Juárez 0-0: Ground out 3-1 (Groundball, 34)
Bottom of the 8th over - 3 run(s), 4 hit(s), 0 error(s), 2 left on base; Tacoma 2 - Casper 4
TOP OF THE 9TH
Tacoma Fur Traders batting - Pitching for Casper Ghosts : RHP Anthony Snyder
Pitching: RHP Jim Unknown
Now at 1B: Spencer Landes
Now at 2B: Ray Millspaugh
Now at 3B: Dave Young
Now in LF: Manny Maltby
Batting: LHB Michael Whorton 0-0: Called Strike
0-1: Called Strike
0-2: Strikes out looking
Batting: SHB Carlos Alicea 0-0: Ball
1-0: Ball
2-0: Ball
3-0: Base on Balls
Batting: RHB Jim Unknown 0-0: Ball
1-0: Ball
2-0: Fly out, F7 (Flyball, 78M)
Batting: SHB Vicente Pueblo 0-0: Ball
1-0: Swinging Strike
1-1: Ball
2-1: Foul Ball, location: 2F
2-2: Strikes out swinging
Top of the 9th over - 0 run(s), 0 hit(s), 0 error(s), 1 left on base; Tacoma 2 - Casper 4
Friday, December 30th, 2016 - OOTP Baseball 17.12 Build 75